 Dungeon Crawl Stone Soup version 0.28.0-49-g6dfe1f597d (webtiles) character file.

Game seed: 6748530025971923601

39 Exodus22XD the Covered (level 3, 24/34 HPs)
             Began as a Deep Dwarf Fighter on May 14, 2022.
             Was a Follower of Zin.
             Quit the game on level 1 of the Dungeon.
             The game lasted 00:00:33 (472 turns).

Exodus22XD the Covered (Deep Dwarf Fighter)          Turns: 472, Time: 00:00:33

Health: 24/34      AC:  7    Str: 21    XL:     3   Next: 26%
Magic:  3/3        EV:  9    Int:  8    God:    Zin [*.....]
Gold:   36         SH:  4    Dex: 12    Spells: 2/2 levels left

rFire   . . .      SeeInvis .   a - +0 war axe
rCold   . . .      Faith    .   c - +0 buckler
rNeg    . . .      Spirit   .   b - +0 scale mail
rPois   .          Reflect  .   (no helmet)
rElec   .          Harm     .   (no cloak)
rCorr   .          Rampage  .   (no gloves)
Will    .....                   (no boots)
Stlth   ..........              (no amulet)
HPRegen 0.00/turn               (no ring)
MPRegen 0.08/turn               (no ring)

@: no status effects
A: damage resistance, heal wounds, sense surroundings 1, no regeneration
a: Heal Wounds, Renounce Religion, Recite, Donate Gold


You were on level 1 of the Dungeon.
You worshipped Zin.
Zin was aware of your devotion.
You visited 1 branch of the dungeon, and saw 1 of its levels.

You collected 40 gold pieces.
You donated 4 gold pieces to Zin.

Inventory:

Hand Weapons
 a - a +0 war axe (weapon)
Armour
 b - a +0 scale mail (worn)
 c - a +0 buckler (worn)
Scrolls
 g - a scroll of immolation {unknown}
 h - a scroll of magic mapping {unknown}
Potions
 d - a potion of might
 e - 2 potions of magic {unknown}
 f - a potion of curing {unknown}
 i - a potion of invisibility {unknown}


   Skills:
 + Level 3.0 Fighting
 + Level 2.8 Axes
 + Level 3.7 Armour
 + Level 3.7 Shields


You had 2 spell levels left.
You didn't know any spells.
Your spell library was empty.

Dungeon Overview and Level Annotations

Branches:
Dungeon (1/15)

Altars:
Zin


Innate Abilities, Weirdness & Mutations

You are resistant to damage.
You can heal yourself by infusing magical energy.
You passively map a small area around you.
You do not regenerate.


Message History

The kobold hits you with a +0 club.
You completely miss the kobold.
The kobold is moderately wounded.
You closely miss the bat. You closely miss the frilled lizard.
The bat closely misses you. You block the bat's attack.
The frilled lizard bites you. The kobold barely misses you.
You slash the kobold!
You kill the kobold!
You miss the frilled lizard. You block the bat's attack.
The frilled lizard barely misses you.
The frilled lizard bites you but does no damage.
You miss the frilled lizard. The bat hits you but does no damage.
The bat completely misses you.
The frilled lizard bites you but does no damage.
You hit the bat.
You kill the bat!
You closely miss the frilled lizard. You hit the goblin.
You kill the goblin!
You block the frilled lizard's attack.
The frilled lizard bites you but does no damage.
You barely miss the frilled lizard. The frilled lizard closely misses you.
You closely miss the frilled lizard. The frilled lizard barely misses you.
You closely miss the frilled lizard.
The frilled lizard bites you but does no damage.
The frilled lizard barely misses you.
You hit the frilled lizard but do no damage.
The frilled lizard bites you but does no damage.
You slash the frilled lizard!
You kill the frilled lizard!
Unknown command.
You open the door.
Found a faded altar of an unknown god.
There is an open door here.
There is a faded altar of an unknown god here.
You cannot tell which god this altar belongs to.
Convert to them anyway?
Zin accepts your prayer! Zin welcomes you!
You pay a tithe of 4 gold.
You can now donate money to Zin.
You can now recite Zin's Axioms of Law.
Are you sure you want to abandon this character and quit the game? (Confirm with "yes".)

####.# * , * * #.# ,
,##.#.# # #.# , ..... ..
#.# , .... .# #.# ** ,
...**.# #.#####
#####..##.# #.....#.
#8.8# ....#
####.###.#.8###...###8..#
.....# ,#..+...@...'.).#
###.## #.8###...###8..#
#.# .#....#8.8#.....# #.#
......#####..##.#
###.###** *#...........#
....[.########..#######.#
###.#.......##.## *.#
#.####.......### * .# ..#
#.............. .#


There were no monsters in sight!

Vanquished Creatures
  A gnoll (D:1)
  2 dart slugs (D:1)
  A bat (D:1)
  An endoplasm (D:1)
  A giant cockroach (D:1)
  2 goblins (D:1)
  5 hobgoblins (D:1)
  3 jackals (D:1)
  A quokka (D:1)
  A ball python (D:1)
  3 frilled lizards (D:1)
  A kobold (D:1)
  A rat (D:1)
23 creatures vanquished.

Notes
Turn   | Place    | Note
-------+----------+-------------------------------------------
     0 | D:1      | Exodus22XD the Deep Dwarf Fighter began the quest for the
                  | Orb.
     0 | D:1      | Reached XP level 1. HP: 20/20 MP: 1/1
     2 | D:1      | Noticed a demigod
     2 | D:1      | Noticed a minotaur
     4 | D:1      | Noticed a gargoyle
     4 | D:1      | Noticed a tengu
     6 | D:1      | Noticed an ogre
     8 | D:1      | Noticed a demonspawn
     8 | D:1      | Noticed a troll
    10 | D:1      | Noticed a spriggan
    12 | D:1      | Noticed an elf
    12 | D:1      | Noticed a felid
    14 | D:1      | Noticed an octopode
    14 | D:1      | Noticed a merfolk
    16 | D:1      | Noticed a draconian
    18 | D:1      | Noticed a vine stalker
    18 | D:1      | Noticed a human
    20 | D:1      | Noticed a vampire
    20 | D:1      | Noticed a ghoul
    22 | D:1      | Noticed a dwarf
    22 | D:1      | Noticed a naga
    24 | D:1      | Noticed a formicid
    69 | D:1      | Reached XP level 2. HP: 27/27 MP: 2/2
   346 | D:1      | Reached XP level 3. HP: 27/34 MP: 3/3
   465 | D:1      | Found a faded altar of an unknown god.
   471 | D:1      | Prayed at the altar of an unknown god.
   471 | D:1      | Became a worshipper of Zin the Law-Giver
   471 | D:1      | Reached * piety under Zin
   472 | D:1      | Quit the game

Illustrated notes

Levels and vault maps discovered:
D:1:      kb_arrival_jail, layout_loops_ring,
          dreamdust_ecumenical_altar_angels_and_demons

Skill      XL: |  1  2 |
---------------+-------+-----
Fighting       | 3 |  3.0
Axes           | |  2.8
Armour         | |  3.7
Shields        | |  3.7

Action                   || total
-------------------------++-------
Melee: War axe           ||    71
Armor: Scale mail        ||    27
Dodge: Dodged            ||    49
Block: Buckler           ||    16
